 Dungeon Crawl Stone Soup version 0.30.0-20-g3615ddf2f0 (webtiles) character file.

Game seed: 16616751453119490471

137 qw the Chopper (level 5, -1/32 HPs)
             Began as a Gargoyle Fighter on May 29, 2023.
             Slain by an iguana (4 damage)
             ... while paralysed by Grinder
             ... on level 4 of the Dungeon.
             The game lasted 00:01:21 (2326 turns).

qw the Chopper (Gargoyle Fighter)                   Turns: 2326, Time: 00:01:22

Health: -1/32      AC: 15    Str: 21    XL:     5   Next: 20%
Magic:  5/5        EV:  2    Int:  9    God:
Gold:   212        SH:  0    Dex:  9    Spells: 4/4 levels left

rFire   . . .        Y - +0 war axe
rCold   . . .        c - +0 buckler
rNeg    + . .        h - +0 plate armour
rPois   inf          (no helmet)
rElec   +            (no cloak)
rCorr   .            (no gloves)
SInv    .            (no boots)
Will    +....        g - amulet of reflection Stlth
                     k - ring of willpower
HPRegen 0.25/turn    (no ring)
MPRegen 0.09/turn

%: reflection
@: paralysed
A: sickness immunity, AC +4, negative energy resistance 1, electricity
resistance, torment resistance 1, petrification resistance
a: no special abilities


You were on level 4 of the Dungeon.
You visited 1 branch of the dungeon, and saw 4 of its levels.

You collected 212 gold pieces.


Innate Abilities, Weirdness & Mutations

You are immune to sickness and miasma.
Your stone body is resilient. (AC +4)
You are immune to poison.
You resist negative energy. (rN+)
You are resistant to electric shocks. (rElec)
You are resistant to unholy torment.
You are immune to petrification.


   Skills:
 - Level 3.2 Fighting
 + Level 4.7 Axes
 - Level 3.2 Armour
 - Level 3.2 Shields


You had 4 spell levels left.
You didn't know any spells.
Your spell library was empty.

Inventory:

Hand Weapons
 o - a +0 flail
 Y - a +0 war axe (weapon)
Armour
 c - a +0 buckler (worn)
 h - a +0 plate armour (worn)
Jewellery
 g - an amulet of reflection (around neck)
 k - a ring of willpower (left hand)
Scrolls
 a - a scroll of teleportation
 b - a scroll of butterflies {unknown}
 m - a scroll of identify
Potions
 d - 3 potions of might
 f - 2 potions of curing {unknown}
 i - a potion of brilliance {unknown}
 l - a potion of ambrosia {unknown}
 n - a potion of heal wounds {unknown}
 q - a potion of degeneration {unknown}

Dungeon Overview and Level Annotations

Branches:
Dungeon (4/15)
 Temple: D:4-7

Altars:

Shops:
D:1 [   D:2 :

Annotations:
D:4 Grinder


Message History

You slash the adder!
You kill the adder!
b - a scroll labelled QOBUNE DAX NYVVIA
Found 8 stones.
Found a hand axe.
f - 2 yellow potions (gained 1)
Found a stone staircase leading down.
Grinder comes into view.
Grinder shouts!
Grinder blinks!
You see here 8 stones.
Enter note: An iguana comes into view.
Enter note:
Enter note: You hit Grinder.
Grinder is lightly wounded.
Grinder hits you.
You writhe in agony.
Grinder gestures at you.
You suddenly lose the ability to move!
Grinder gestures at you. You resist with some effort. Grinder gestures at you.
Pain shoots through your body! Grinder hits you.
You writhe in agony.
The iguana bites you but does no damage.
Grinder hits you.
You writhe in agony.
The iguana barely misses you.
You can move again.
You closely miss Grinder.
Grinder is lightly wounded.
You hit the iguana but do no damage.
Grinder blinks!
You block the iguana's attack.
You completely miss the iguana. The iguana bites you!
You slash the iguana!
The iguana is severely wounded.
The iguana bites you! Grinder gestures at you.
You suddenly lose the ability to move!
The iguana bites you.
You die...

#.....#.## ###%#######
#.#..##.#.######...
...............###...
####....###...# ###..
#....## #... .
###.....#######
#...#..(.....##..
#.#####......5...
........##.....@.....#
...........#....l......
.....).... #.../.......
..........##...........
..........##...........
..........##......>...#
.....................##
###........#


You could see Grinder and an iguana.

Vanquished Creatures
  4 adders
  A shadow imp (D:3)
  An adder zombie (D:2)
  An adder skeleton (D:2)
  2 worms (D:1)
  A dart slug (D:1)
  4 orcs (D:3)
  A bat skeleton (D:2)
  5 endoplasms
  2 giant cockroaches (D:1)
  9 goblins
  9 hobgoblins
  2 quokkas
  7 ball pythons
  8 bats
  4 frilled lizards
  7 kobolds
  5 rats
73 creatures vanquished.

Notes
Turn   | Place    | Note
-------+----------+-------------------------------------------
     0 | D:1      | qw the Gargoyle Fighter began the quest for the Orb.
     0 | D:1      | Reached XP level 1. HP: 14/14 MP: 1/1
     0 | D:1      | 0 ||| qw: Version: 0.2-a-102-g2b76a06
     0 | D:1      | 0 ||| qw: Game counter: 430
     0 | D:1      | 0 ||| qw: Always use a shield: true
     0 | D:1      | 0 ||| qw: God list: Okawaru
     0 | D:1      | 0 ||| qw: Allow faded altars: false
     0 | D:1      | 0 ||| qw: Do Orc after D:15 true
     0 | D:1      | 0 ||| qw: Do second Lair branch before Depths: true
     0 | D:1      | 0 ||| qw: Lair rune preference: random
     0 | D:1      | 0 ||| qw: Plans: Normal, Zot:1-4, Slime:5, God:TSO, Crypt,
                  | Tomb, Pan, Hells, Abyss, Win
     0 | D:1      | 0 ||| PLANNING D:1-11
    49 | D:1      | Reached skill level 2 in Axes
    67 | D:1      | 67 ||| Stepping ~*~*~tactically~*~*~ (stealth).
    84 | D:1      | Reached XP level 2. HP: 19/19 MP: 2/2
   379 | D:1      | Reached skill level 3 in Axes
   428 | D:1      | Reached XP level 3. HP: 23/23 MP: 3/3
   539 | D:1      | Found Fymemarr's Antique Armour Shop.
   542 | D:1      | 542 ||| SHOPLISTING chain mail (85 gold, have 65).
   542 | D:1      | 542 ||| SHOPLISTING embroidered cloak (142 gold, have 65).
   542 | D:1      | 542 ||| SHOPLISTING encrusted storm dragon scales (1615
                  | gold, have 65).
   542 | D:1      | 542 ||| SHOPLISTING helmet (85 gold, have 65).
   542 | D:1      | 542 ||| SHOPLISTING shiny helmet (142 gold, have 65).
   700 | D:1      | 700 ||| READING 2 scrolls labelled OFIMAR MOTAKYO.
   703 | D:1      | 703 ||| READING scroll labelled OKHAEC KIAK.
   704 | D:1      | 704 ||| READING scroll labelled XOHACA UTUAT.
   757 | D:2      | 757 ||| Stepping ~*~*~tactically~*~*~ (stealth).
   759 | D:2      | 759 ||| Stepping ~*~*~tactically~*~*~ (stealth).
   844 | D:2      | Reached XP level 4. HP: 26/28 MP: 4/4
   867 | D:2      | Found a faded altar of an unknown god.
   968 | D:2      | Found Iddifav's Book Shop.
   983 | D:2      | Reached skill level 4 in Axes
  1338 | D:2      | 1338 ||| UPGRADING to +0 chain mail.
  1348 | D:2      | 1348 ||| DROPPING +0 scale mail.
  1349 | D:2      | 1349 ||| UPGRADING to amulet of reflection.
  1354 | D:2      | 1354 ||| UPGRADING to ring of willpower.
  1355 | D:2      | 1355 ||| READING scroll labelled SUC YCWUOZXUSCH.
  1356 | D:2      | 1356 ||| READING scroll labelled FOIQIU VUNAFAE.
  1357 | D:2      | 1357 ||| READING scroll labelled ULIP NUSTRIKKIUV.
  1916 | D:3      | 1916 ||| Stepping ~*~*~tactically~*~*~ (hiding).
  1993 | D:3      | Reached XP level 5. HP: 32/32 MP: 5/5
  1993 | D:3      | 1993 ||| DROPPING +0 mace.
  1996 | D:3      | 1996 ||| Stepping ~*~*~tactically~*~*~ (hiding).
  2029 | D:3      | 2029 ||| Stepping ~*~*~tactically~*~*~ (stealth).
  2030 | D:3      | 2030 ||| Stepping ~*~*~tactically~*~*~ (stealth).
  2031 | D:3      | 2031 ||| Stepping ~*~*~tactically~*~*~ (stealth).
  2040 | D:3      | 2040 ||| Stepping ~*~*~tactically~*~*~ (stealth).
  2137 | D:3      | 2137 ||| UPGRADING to +0 plate armour.
  2147 | D:3      | 2147 ||| DROPPING +0 chain mail.
  2148 | D:3      | 2148 ||| READING scroll labelled EMOILOASYSM.
  2149 | D:3      | 2149 ||| DRINKING 2 fizzy yellow potions.
  2253 | D:3      | 2253 ||| DROPPING potion of berserk rage.
  2316 | D:4      | Noticed Grinder
  2319 | D:4      | Paralysed by Grinder for 5 turns
  2326 | D:4      | HP: 3/32 [iguana (7)]
  2326 | D:4      | Paralysed by Grinder for 3 turns
  2326 | D:4      | Slain by an iguana

Levels and vault maps discovered:
D:1:      ncdulo_lavacross, layout_loops_ring, serial_shops,
          nicolae_shop_tiny_real_fake_doors, nicolae_wormholes
D:2:      layout_basic, serial_undead, serial_undead_e, serial_undead_e,
          serial_undead_c, serial_undead_a, serial_shops,
          nicolae_shop_tiny_statue_garden, hellmonk_ecumenical_altar_lost_god
D:3:      layout_loops_ring, guppyfry_early_orc_mine
D:4:      layout_rooms, minmay_temple_entry_ruins, kennysheep_generic_room_16,
          uniq_grinder

Skill      XL: |  1  2  3  4 |
---------------+-------------+-----
Axes           | 2 3 4 |  4.7
Fighting       | |  3.2
Armour         | |  3.2
Shields        | |  3.2

Action                     |  1- 3 |  4- 6 || total
---------------------------+-------+-------++-------
  Melee: War axe           |   100 |   131 ||   231
    Use: Scroll            |     3 |     4 ||     7
         Potion            |       |     1 ||     1
 Armour: Scale mail        |    57 |    24 ||    81
         Chain mail        |       |    29 ||    29
         Plate armour      |       |     3 ||     3
  Dodge: Dodged            |    37 |    44 ||    81
  Block: Buckler           |    16 |    41 ||    57

Table legend:
 A = Non-vault XP
 B = Vault XP
 C = Vault XP percentage of total XP
 D = Non-vault monster count
 E = Vault monster count
 F = Vault count percentage of total count
                 A         B        C        D         E       F
            +---------+---------+-------+---------+---------+-------
      Total |     156 |      40 |  20.4 |      61 |      12 |  16.4
            +---------+---------+-------+---------+---------+-------
        D:1 |      41 |      10 |  19.6 |      27 |       2 |   6.9
        D:2 |      54 |      13 |  19.4 |      18 |       3 |  14.3
        D:3 |      48 |      17 |  26.2 |      15 |       7 |  31.8
        D:4 |      13 |       0 |   0.0 |       1 |       0 |   0.0
            +---------+---------+-------+---------+---------+-------
